 Dungeon Crawl Stone Soup version 0.29-a0-653-gd47aff6735 (webtiles) character file.

Game seed: 7976478900590582505

32 frimble the Grasshopper (level 3, -2/24 HPs)
             Began as an Octopode Warper on June 22, 2022.
             Slain by a goblin
             ... wielding a +0 dagger
             ... led by Robin
              (4 damage)
             ... on level 2 of the Dungeon.
             The game lasted 00:01:08 (1550 turns).

frimble the Grasshopper (Octopode Warper)           Turns: 1550, Time: 00:01:09

Health: -2/24      AC:  1    Str: 10    XL:     3   Next: 27%
Magic:  4/6        EV: 13    Int: 15    God:
Gold:   93         SH:  0    Dex: 13    Spells: 4/6 levels left

rFire   . . .      SeeInvis .   a - +0 falchion
rCold   . . .      Faith    .   (no shield)
rNeg    . . .      Spirit   .   (helmet restricted)
rPois   .          Reflect  .   (no amulet)
rElec   .          Harm     .   (no ring)
rCorr   .          Rampage  .   (no ring)
Will    .....                   (no ring)
Stlth   +++.......              (no ring)
HPRegen 0.08/turn               (no ring)
MPRegen 0.10/turn               (no ring)
                                (no ring)
                                (no ring)

@: on blink cooldown
A: almost no armour, amphibious, 8 rings, camouflage 1, gelatinous body 1,
(nimble swimmer 1), tentacles
a: no special abilities


You were on level 2 of the Dungeon.
You visited 1 branch of the dungeon, and saw 2 of its levels.

You collected 93 gold pieces.

Inventory:

Hand Weapons
 a - a +0 falchion (weapon)
Missiles
 c - 7 boomerangs of dispersal
 e - 6 poisoned darts (quivered)
Scrolls
 b - a scroll of blinking
 g - 2 scrolls of identify {unknown}
Potions
 d - a potion of curing {unknown}
 f - 3 potions of might {unknown}


   Skills:
 - Level 2.0 Fighting
 + Level 2.6 Long Blades
 - Level 1.0 Throwing
 - Level 2.3 Dodging
 + Level 2.2 Stealth
 - Level 2.0 Spellcasting
 + Level 3.5 Translocations


You had 4 spell levels left.
You knew the following spells:

 Your Spells              Type           Power      Damage    Failure   Level
a - Blink                 Tloc           24%        N/A       8%          2

Your spell library contained the following spells:

 Spells                   Type           Power      Damage    Failure   Level
 Gell's Gravitas          Tloc           12%        N/A       16%         3
 Lesser Beckoning         Tloc           12%        N/A       16%         3
 Teleport Other           Tloc           12%        N/A       16%         3
 Confusing Touch          Hex            1%         N/A       54%         3
 Manifold Assault         Tloc           12%        N/A       82%         5
 Yara's Violent Unravell  Hex/Tmut       0%         3d3       99%         5
 Enfeeble                 Hex            0%         N/A       100%        7


Dungeon Overview and Level Annotations

Branches:
Dungeon (2/15)

Altars:

Annotations:
D:2 Robin


Innate Abilities, Weirdness & Mutations

You cannot wear most types of armour.
You are amphibious.
You can wear up to eight rings at the same time.
Your skin changes colour to match your surroundings (Stealth+).
Your rubbery body absorbs attacks. (AC +1, EV +1)
((You are camouflaged when in or above water. (Stealth+)))
You have tentacles for arms and can constrict up to eight enemies at once.


Message History

Found a stone staircase leading down.
There is a stone staircase leading up here.
There is a stone staircase leading up here.
f - 3 puce potions (gained 2)
A goblin and a hobgoblin come into view.
Found an escape hatch in the floor.
There are monsters nearby!
There are monsters nearby!
There are monsters nearby!
Robin, 5 goblins and 2 hobgoblins come into view.
The goblin shouts! x4; Robin shouts!
You hear a shout!
A goblin comes into view. It is wielding a +0 dagger.
Robin roars a battlecry!
The goblins go into a battle-frenzy!
The goblin shouts!
The hobgoblin closely misses you.
You barely miss the goblin.
The goblin shouts!
The hobgoblin shouts!
Your grab misses the goblin. The goblin closely misses you.
The hobgoblin closely misses you. The goblin hits you with a +0 club.
The goblin hits you with a +0 club.
You are too injured to fight recklessly!
The hobgoblin attacks as you move away! The hobgoblin hits you.
You barely miss the hobgoblin. Your grab misses the hobgoblin.
The hobgoblin closely misses you.
You completely miss the hobgoblin. Your grab misses the hobgoblin.
The hobgoblin closely misses you. Robin throws the goblin at you!
Casting: Blink (safe; 8% risk of failure)
Confirm with . or Enter, or press ? or * to list all spells.
You blink.
The goblin unwields a +0 dagger.
The goblin wields a +0 hunting sling.
The goblin shoots a sling bullet.
The sling bullet closely misses you. Robin throws the goblin at you!
The goblin attacks as you move away! The goblin hits you with a +0 club.
* * * LOW HITPOINT WARNING * * *
The hobgoblin attacks as you move away! The hobgoblin closely misses you.
Robin throws the goblin at you!
* * * LOW HITPOINT WARNING * * *
There is an escape hatch in the floor here.
The goblin barely misses you. The goblin hits you with a +0 dagger.
You die...

## ^# ##+## #. .#
##...## #.# #.#
##.....## ##.##..#
##.......##
......####.gggg....#
#........'ggg@.....+
#.#...####g.gg.....#
#.......ยง.#.......##
#.<######.##.....##
##..# #.###...##
##...#### #.# ##+##
#.......###.#
##.>........#
##.###.#####


You could see Robin, 3 hobgoblins and 6 goblins.

Vanquished Creatures
  2 dart slugs (D:1)
  An endoplasm (D:1)
  5 goblins (D:1)
  2 hobgoblins (D:1)
  3 jackals (D:1)
  A quokka (D:1)
  A bat (D:1)
  2 frilled lizards (D:1)
  4 kobolds (D:1)
  7 rats (D:1)
28 creatures vanquished.

Notes
Turn   | Place    | Note
-------+----------+-------------------------------------------
     0 | D:1      | frimble the Octopode Warper began the quest for the Orb.
     0 | D:1      | Reached XP level 1. HP: 14/14 MP: 3/3
    40 | D:1      | Found a faded altar of an unknown god.
   377 | D:1      | Reached skill level 1 in Stealth
   378 | D:1      | Reached XP level 2. HP: 19/19 MP: 5/5
   391 | D:1      | Learned a level 2 spell: Blink
   942 | D:1      | Reached XP level 3. HP: 15/24 MP: 6/6
  1540 | D:2      | Noticed Robin
  1550 | D:2      | Slain by a goblin

Illustrated notes

Levels and vault maps discovered:
D:1:      saegor_arrival_simple_e, layout_basic,
          dreamdust_ecumenical_altar_statues, serial_park_tiny_2
D:2:      layout_loops_corners, nicolae_elevator_lobby_asterisk, uniq_jessica,
          uniq_robin, uniq_crazy_yiuf_cottage

Skill      XL: |  1  2  3 |
---------------+----------+-----
Stealth        | 1 2 |  2.2
Fighting       | |  2.0
Long Blades    | |  2.6
Throwing       | |  1.0
Dodging        | |  2.3
Spellcasting   | |  2.0
Translocations | |  3.5

Action                   || total
-------------------------++-------
Melee: Falchion          ||    50
       Constrict         ||    10
       Tentacles         ||     8
 Cast: Blink             ||     1
 Stab: Sleeping          ||     4
Armor: Skin              ||     2
Dodge: Dodged            ||    38

Table legend: (Time is in decaauts)
 A = Elapsed time spent in this place.
 B = Non-inter-level travel time spent in this place.
 C = Inter-level travel time spent in this place.
 D = Time resting spent in this place.
 E = Time spent auto-exploring this place.
 F = Levels seen in this place.
 G = Mean time per level.
                   A        B        C        D        E       F      G
               +--------+--------+--------+--------+--------+-----+--------+
         Total |   1558 |   1534 |     24 |      0 |   1328 |   2 |  779.0 |
       Dungeon |   1558 |   1534 |     24 |      0 |   1328 |   2 |  779.0 |
               +--------+--------+--------+--------+--------+-----+--------+

Top non-repeatable levels by time:
     D:1: 1522 daAuts
     D:2: 36 daAuts
